 Dungeon Crawl Stone Soup version 0.16.2-12-gd0ad4c3 (webtiles) character file.

7982 faibistes the Thaumaturge (level 11, -1/64 HPs)
             Began as a Deep Elf Wizard on Jan 21, 2019.
             Was a Priest of Sif Muna.
             Slain by a killer bee (5 damage)
             ... on level 11 of the Dungeon.
             The game lasted 00:36:57 (15063 turns).

faibistes the Thaumaturge (Deep Elf Wizard)        Turns: 15063, Time: 00:36:58

Health: -1/64      AC:  3    Str:  4    XL:     11   Next: 3%
Magic:  24/34      EV: 16    Int: 29    God:    Sif Muna [***...]
Gold:   560        SH:  0    Dex: 13    Spells: 6 memorised, 22 levels left

rFire  . . .     SeeInvis .     w - +5 dagger (elec)
rCold  . . .     Clarity  .     a - +0 robe
rNeg   . . .     SustAb   .     (no shield)
rPois  .         Gourm    .     b - +1 hat
rElec  .         Spirit   .     (no cloak)
rCorr  .         Warding  .     (no gloves)
rMut   .         Stasis   .     (no boots)
MR     +....                    (no amulet)
Stlth  ++........               v - +3 ring of slaying
                                G - +2 ring of intelligence

@: lethally poisoned (-1 -> -2), repel missiles, somewhat resistant to hostile
enchantments, unstealthy
A: no striking features
a: Channel Energy, Forget Spell, Renounce Religion


You were on level 11 of the Dungeon.
You worshipped Sif Muna.
Sif Muna was most pleased with you.
You were hungry.

You visited 2 branches of the dungeon, and saw 14 of its levels.

You collected 560 gold pieces.

Inventory:

Hand weapons
 e - a +0 club
 j - a +0 dagger
 w - a +5 dagger of electrocution (weapon)
Armour
 a - a +0 robe (worn)
 b - a +1 hat (worn)
Magical staves
 u - an uncursed staff of death
 y - an uncursed staff of summoning
Jewellery
 i - an uncursed ring of sustain abilities
 v - a +3 ring of slaying (right hand)
 A - an uncursed ring of fire
 G - a +2 ring of intelligence (left hand)
Magical devices
 l - a wand of disintegration (13)
 z - a wand of invisibility (3)
 I - a wand of polymorph (13)
 K - a wand of slowing (26)
 L - a wand of flame (39)
Scrolls
 g - 2 scrolls of enchant armour
 k - 4 scrolls of remove curse
 m - 2 scrolls of fear
 o - 4 scrolls of recharging
 s - a scroll of teleportation
 t - a scroll of immolation
 F - 2 scrolls of amnesia
Potions
 f - 2 potions of brilliance
 h - 3 potions of curing
 n - a potion of heal wounds {unknown}
 p - a potion of ambrosia {unknown}
 r - 2 potions of magic
 C - 2 potions of agility
 E - a potion of cure mutation {unknown}
 H - a potion of haste
Books
 c - a book of Minor Magic

   Spells                             Type                      Level
   a - Magic Dart                     Conjuration                  1
   b - Blink                          Translocation                2
   c - Call Imp                       Summoning                    2
   d - Repel Missiles                 Charms/Air                   2
   e - Slow                           Hexes                        2
   f - Conjure Flame                  Conjuration/Fire             3
   g - Mephitic Cloud                 Conjuration/Poison/Air       3
Comestibles
 d - 8 bread rations
 q - 3 meat rations
 x - a royal jelly
 B - 2 fruits
 D - 4 beef jerkies
 J - 8 slices of pizza


   Skills:
 + Level 5.6 Fighting
 + Level 7.5 Dodging
 - Level 2.4 Stealth
 * Level 12.6 Spellcasting
 + Level 5.5 Conjurations
 + Level 3.6 Charms
 - Level 1.1 Summonings
 + Level 3.7 Translocations
 * Level 4.9 Fire Magic
 - Level 3.1 Air Magic
 - Level 2.4 Poison Magic
 * Level 3.3 Invocations
 + Level 5.9 Evocations


You had 22 spell levels left.
You knew the following spells:

 Your Spells              Type           Power        Failure   Level  Hunger
a - Magic Dart            Conj           ####         1%          1    None
b - Conjure Flame         Conj/Fire      #####...     1%          3    None
c - Call Imp              Summ           ###.....     2%          2    None
d - Blink                 Tloc           N/A          1%          2    None
e - Mephitic Cloud        Conj/Pois/Air  #####...     1%          3    None
f - Repel Missiles        Chrm/Air       #####.       1%          2    None


Dungeon Overview and Level Annotations

Branches:
Dungeon (13/15)            Temple (1/1) D:7             Orc (0/4) D:9
   Lair: D:8-11      Vaults: D:13-14

Altars:
Ashenzari
Cheibriados
Dithmenos
Elyvilon
Fedhas
Gozag
Kikubaaqudgha
Makhleb
Nemelex Xobeh
Okawaru
Qazlal
Ru
Sif Muna
Trog
Vehumet
Xom
Yredelemnul
Zin
The Shining One


Message History

You feel sick.
There is a stone staircase leading up, spattered with blood here.
The killer bee stings something.
The killer bee poisons something!
The killer bee stings something.
You climb upwards.
The killer bee closely misses you. The killer bee misses you.
The killer bee barely misses you. The killer bee misses you.
The killer bee closely misses you.
The orc priest becomes somewhat translucent.
The killer bee closely misses you. The killer bee stings you.
* * * LOW HITPOINT WARNING * * *
The killer bee misses you.
There is a stone staircase leading down here.
You feel sick. The killer bee stings you.
* * * LOW HITPOINT WARNING * * *
The killer bee closely misses you. The killer bee barely misses you.
The killer bee stings you.
* * * LOW HITPOINT WARNING * * *
The killer bee stings you but does no damage.
The killer bee stings you.
You die...

#########
#.?..oy@#
#.....yy#
#....ooy.
..!.......
..o...o....
..(........
....:...##.
## .$......
###. ... ..
....


You could see 4 killer bees, an orc priest, an orc wizard and 3 orcs.

Vanquished Creatures
  A centaur zombie (D:11)
  Joseph (D:8)
  A deep elf priest (D:8)
  The ghost of faibistes the Magician, an experienced DEWz (D:6)
  A two-headed ogre (D:12)
  Prince Ribbit (D:9)
  2 hogs (D:7)
  The ghost of faibistes the Magician, an average DEWz of Sif Muna (D:4)
  11 yaks
  2 deep elf magi
  A human (D:7)
  Edmund (D:4)
  A hippogriff (D:11)
  A water moccasin (D:6)
  4 ice beasts
  A sky beast (D:6)
  2 orc warriors (D:9)
  2 necrophages (D:8)
  5 ogres
  2 centaurs
  Duvessa (D:9)
  6 giant frogs
  7 scorpions
  3 wights (D:7)
  2 killer bees (D:11)
  8 crimson imps
  Dowan (D:9)
  2 goliath beetles
  7 hounds
  A wasp zombie (D:8)
  An electric eel (D:8)
  3 orc priests (D:8)
  11 orc wizards
  3 iguanas
  3 worker ants
  2 sheep (D:7)
  3 hound skeletons
  A hound zombie (D:5)
  Terence (D:3)
  7 gnolls
  A shadow imp (D:6)
  6 adders
  2 adder skeletons
  2 adder zombies (D:5)
  52 orcs
  A ball python (D:2)
  10 giant cockroaches
  21 hobgoblins
  8 jackals
  3 quokkas
  18 bats
  2 giant geckos
  7 giant newts
  12 goblins
  A jackal skeleton (D:6)
  19 kobolds
  A quokka skeleton (D:7)
  A quokka zombie (D:6)
  15 rats
297 creatures vanquished.

Vanquished Creatures (collateral kills)
  6 orcs
  A jackal (D:6)
7 creatures vanquished.

Vanquished Creatures (others)
  A crimson imp (D:9)
  An orc (D:9)
2 creatures vanquished.

Grand Total: 306 creatures vanquished

Notes
Turn   | Place    | Note
--------------------------------------------------------------
     0 | D:1      | faibistes, the Deep Elf Wizard, began the quest for the Orb.
     0 | D:1      | Reached XP level 1. HP: 10/10 MP: 6/6
   432 | D:1      | Reached XP level 2. HP: 15/15 MP: 4/10
   436 | D:1      | Learned a level 2 spell: Blink
   439 | D:1      | Learned a level 2 spell: Call Imp
   783 | D:2      | Reached skill level 5 in Spellcasting
  1690 | D:3      | Reached XP level 3. HP: 19/19 MP: 11/14
  1695 | D:3      | Learned a level 3 spell: Conjure Flame
  1699 | D:3      | Learned a level 3 spell: Mephitic Cloud
  2218 | D:2      | Learned a level 2 spell: Repel Missiles
  2700 | D:3      | Found a bloodstained altar of Trog.
  2714 | D:3      | Reached XP level 4. HP: 24/24 MP: 9/18
  2716 | D:3      | Noticed Terence
  2824 | D:3      | Reached skill level 6 in Spellcasting
  3053 | D:3      | Found a shattered altar of Ashenzari.
  3070 | D:3      | Killed Terence
  3070 | D:3      | Reached XP level 5. HP: 28/28 MP: 0/20
  3426 | D:4      | Noticed faibistes' ghost (average DEWz)
  3487 | D:4      | Noticed Edmund
  4486 | D:4      | Killed Edmund
  4486 | D:4      | Reached skill level 7 in Spellcasting
  4486 | D:4      | Reached XP level 6. HP: 32/32 MP: 4/23
  4557 | D:4      | Killed faibistes' ghost
  4557 | D:4      | Reached skill level 1 in Fighting
  4557 | D:4      | Reached skill level 1 in Evocations
  4557 | D:4      | Reached XP level 7. HP: 25/38 MP: 0/25
  4801 | D:4      | Noticed an ogre
  4809 | D:4      | Killed an ogre
  4809 | D:4      | Reached skill level 8 in Spellcasting
  5057 | D:5      | Entered Level 5 of the Dungeon
  5653 | D:4      | Found a white marble altar of Elyvilon.
  6482 | D:5      | Found a burning altar of Makhleb.
  6483 | D:5      | Noticed an Executioner
  6555 | D:5      | Reached XP level 8. HP: 45/45 MP: 25/28
  6637 | D:6      | Reached skill level 9 in Spellcasting
  6850 | D:5      | Reached skill level 5 in Dodging
  7696 | D:8      | Reached skill level 10 in Spellcasting
  8221 | D:6      | Noticed faibistes' ghost (experienced DEWz)
  8301 | D:6      | Killed faibistes' ghost
  8301 | D:6      | Reached XP level 9. HP: 43/52 MP: 21/30
  9298 | D:7      | Reached skill level 5 in Fighting
  9303 | D:7      | Reached skill level 5 in Evocations
  9308 | D:7      | Reached skill level 11 in Spellcasting
  9675 | D:7      | Found a staircase to the Ecumenical Temple.
  9683 | Temple   | Entered the Ecumenical Temple
  9699 | Temple   | Became a worshipper of Sif Muna the Loreminder
 10155 | D:8      | Reached skill level 1 in Fire Magic
 10155 | D:8      | Reached skill level 1 in Air Magic
 10200 | D:8      | Reached skill level 1 in Poison Magic
 10381 | D:8      | Noticed Joseph
 10439 | D:8      | Killed Joseph
 10439 | D:8      | Acquired Sif Muna's first power
 11518 | D:8      | Reached XP level 10. HP: 59/59 MP: 19/32
 11641 | D:8      | Found a blossoming altar of Fedhas.
 11642 | D:8      | Noticed a deep elf priest
 11649 | D:8      | Killed a deep elf priest
 11649 | D:8      | Reached skill level 5 in Conjurations
 12066 | D:10     | Entered Level 10 of the Dungeon
 12103 | D:9      | Acquired Sif Muna's second power
 12843 | D:9      | Reached skill level 1 in Invocations
 13118 | D:9      | Found a staircase to the Orcish Mines.
 13151 | D:9      | Reached skill level 1 in Charms
 13434 | D:9      | Noticed Prince Ribbit
 13449 | D:9      | Killed Prince Ribbit
 13449 | D:9      | Reached skill level 12 in Spellcasting
 14195 | D:9      | Noticed Duvessa
 14197 | D:9      | Noticed Dowan
 14200 | D:9      | Killed Duvessa
 14205 | D:9      | Killed Dowan
 14264 | D:9      | Found a basalt altar of Yredelemnul.
 14889 | D:11     | Reached XP level 11. HP: 56/64 MP: 21/34
 15063 | D:11     | Slain by a killer bee

Action                   |  1- 3 |  4- 6 |  7- 9 | 10-12 || total
-------------------------+-------+-------+-------+-------++-------
Melee: Dagger            |       |     9 |    41 |    79 ||   129
 Cast: Magic Dart        |   124 |    82 |   426 |   209 ||   841
       Repel Missiles    |     1 |     1 |       |     3 ||     5
       Conjure Flame     |       |    12 |    38 |    37 ||    87
       Mephitic Cloud    |       |    10 |    22 |    20 ||    52
       Blink             |       |     9 |    12 |    12 ||    33
       Call Imp          |       |     2 |     2 |     3 ||     7
Invok: Channel Energy    |       |       |       |     8 ||     8
  Use: Scroll            |     1 |     3 |     2 |    17 ||    23
       Potion            |       |     1 |       |     4 ||     5
 Stab: Confused          |       |     2 |     2 |       ||     4
  Eat: Chunk             |     5 |     6 |    19 |    11 ||    41
       Beef jerky        |       |       |     1 |       ||     1
       Fruit             |       |       |       |     1 ||     1
